[Event "Early-Titled-Tuesday-Blitz-February-13-2024"]
[Site "Chess.com"]
[Date "2024.02.13"]
[Round "9"]
[White "Alblooshi_Hamad"]
[Black "verrbaa"]
[Result "0-1"]
[WhiteElo "2250"]
[BlackElo "2480"]
[TimeControl "180+1"]
[EndTime "9:48:05 PST"]
[Termination "verrbaa won by checkmate"]

1. d4 Nf6 2. c4 e6 3. Nc3 Bb4 4. Qc2 d5 5. cxd5 exd5 6. Bg5 h6 7.
Bh4 g5 8. Bg3 Ne4 9. e3 Nd7 10.
Bd3 Ndf6 11. Ne2 Nxg3 12. Nxg3 c6 13. O-O-O Be6 14. f3 Qc7 15. e4 Bxc3 16. Qxc3 O-O-O 17. Kb1 Kb8 18. e5 Nd7 19. Nf5 c5 20. Nd6 a6 21.
Rc1 c4 22. Bf5 Nb6 23. Qb4 Rxd6 24. exd6 Bxf5+ 25. Ka1 Qc6 26. Rce1 Be6 27. g3 Rd8 28. f4 Qxd6 29. Qd2 gxf4 30. gxf4 Na4 31. Rhf1 Rc8 32.
f5 c3 33. bxc3 Bd7 34. Rc1 Bb5 35. Rfe1 Qa3 36. Re3 Bc4 37. Re7 Qxe7 38. Qc2 Qa3 39. Qd2 Bb5 40. Qe1 Rxc3 41. Rxc3 Qb2# 0-1

[Event "Early-Titled-Tuesday-Blitz-February-13-2024"]
[Site "Chess.com"]
[Date "2024.02.13"]
[Round "9"]
[White "AndresDelgado77"]
[Black "Roman_Ovetchkin"]
[Result "0-1"]
[WhiteElo "2352"]
[BlackElo "2605"]
[TimeControl "180+1"]
[EndTime "9:48:05 PST"]
[Termination "Roman_Ovetchkin won on time"]

1. e4 c6 2. d4 d5 3. Nc3 dxe4 4.
Nxe4 Nf6 5. Nxf6+ exf6 6. c3 Bd6 7. Bd3 O-O 8. Qc2 Re8+ 9. Ne2 c5 10. Bxh7+ Kh8 11.
Be3 cxd4 12. Nxd4 Bf4 13. O-O-O Bxe3+ 14. fxe3 Qa5 15. Bf5 Qxa2 16. Bxc8 Rxc8 17. Qe4 Nc6 18. Nf5 Qe6 19. Qh4+ Kg8 20. e4 Rd8 21. Rdf1 Ne5 22. Nd4 Rxd4 23. cxd4 Qc4+ 24. Kb1 Qd3+ 25. Ka2 Qxd4 26.
Qf2 Qa4+ 27. Kb1 Rc8 28. Qe2 Qb3 29. Rc1 Nc4 30. Rc3 Na3+ 31. Ka1 Rxc3 32. bxc3 Nc2+ 0-1

[Event "Early-Titled-Tuesday-Blitz-February-13-2024"]
[Site "Chess.com"]
[Date "2024.02.13"]
[Round "9"]
[White "sotochess"]
[Black "banhgiahuy2606"]
[Result "1-0"]
[WhiteElo "2570"]
[BlackElo "2675"]
[TimeControl "180+1"]
[EndTime "9:48:06 PST"]
[Termination "sotochess won by resignation"]

1. e4 e6 2. Qe2 d5 3. exd5 Qxd5 4. Nf3 Nf6 5. g3 Be7 6. Bg2 O-O 7. O-O c5 8. d4 cxd4 9. Rd1 Nc6 10. c3 e5 11.
Nxd4 Nxd4 12. cxd4 e4 13. Nc3 Qd8 14. Nxe4 Nd5 15.
Nc3 Nxc3 16. bxc3 Bd6 17. c4 Re8 18. Be3 Rb8 19. c5 Bf8 20. Qc4 Bg4 21. Rd2 b5 22. Qc2 Qc8 23. Bf4 Bf5 24. Qb3 Rb7 25. h4 Rbe7 26.
Qxb5 Bh3 27. Be5 f6 28. Bd5+ Kh8 29. Bf4 Qf5 30. Bc6 Re1+ 31. Rxe1 Rxe1+ 32. Kh2 Rb1 33. Qd3 Qc8 34. Qxb1 Qxc6 35. Kxh3 1-0

[Event "Early-Titled-Tuesday-Blitz-February-13-2024"]
[Site "Chess.com"]
[Date "2024.02.13"]
[Round "9"]
[White "TregubovP"]
[Black "SergioMoralesG"]
[Result "1-0"]
[WhiteElo "2680"]
[BlackElo "2497"]
[TimeControl "180+1"]
[EndTime "9:48:06 PST"]
[Termination "TregubovP won by resignation"]

1. e4 c5 2. Nf3 e6 3. c3 Nf6 4. e5 Nd5 5. d4 cxd4 6. cxd4 d6 7.
Bc4 Nc6 8. O-O Be7 9. Qe2 O-O 10.
Rd1 Na5 11. Bd3 Nb4 12. Nc3 Nxd3 13. Rxd3 b6 14. b4 Nc6 15. a3 dxe5 16. dxe5 Qc7 17.
Nb5 Qb8 18. Nd6 Bb7 19. Bg5 Bxg5 20. Nxg5 h6 21. Ngxf7 Rxf7 22. Nxf7 Kxf7 23. Rd7+ Kg8 24. Rad1 Nxe5 25. Rxb7 Qxb7 26. Qxe5 Qf7 27. Rd6 Re8 28.
h3 Rf8 29. Qxe6 Qxe6 30. Rxe6 Kf7 31. Rc6 Ra8 32. Rc7+ Kf6 33. a4 g6 34. g4 Kg5 35.
Kg2 a6 36. Kg3 b5 37. axb5 axb5 38. Rc5+ Kf6 39. Rxb5 1-0

[Event "Early-Titled-Tuesday-Blitz-February-13-2024"]
[Site "Chess.com"]
[Date "2024.02.13"]
[Round "9"]
[White "jefferyx"]
[Black "HansOnTwitch"]
[Result "1-0"]
[WhiteElo "3036"]
[BlackElo "3160"]
[TimeControl "180+1"]
[EndTime "9:48:07 PST"]
[Termination "jefferyx won by resignation"]

1. d4 Nf6 2. c4 e6 3. Nc3 Bb4 4. Nf3 b6 5. e3 O-O 6. Bd3 d5 7. cxd5 exd5 8. O-O c5 9. Bd2 Nc6 10. a3 Bxc3 11. Bxc3 c4 12. Bc2 Bg4 13. h3 Bh5 14.
g4 Bg6 15. Ne5 Bxc2 16. Qxc2 Rc8 17. f3 Re8 18. Rad1 b5 19. e4 Qb6 20. Kh1 a5 21. Nxc6 Rxc6 22. e5 b4 23. axb4 axb4 24. Be1 Nd7 25. Qa4 c3 26. bxc3 b3 27. Rb1 Rb8 28.
Rxb3 Qxb3 29. Qxc6 Nb6 30. e6 fxe6 31. Qxe6+ Kh8 32.
Bg3 Rg8 33. Be5 Qb2 34. Qf7 Nc4 35. Re1 Ne3 36. Bxg7+ Rxg7 37. Qe8+ Rg8 38. Qxe3 1-0

[Event "Early-Titled-Tuesday-Blitz-February-13-2024"]
[Site "Chess.com"]
[Date "2024.02.13"]
[Round "9"]
[White "profedechess93"]
[Black "Radzio1987"]
[Result "1-0"]
[WhiteElo "2667"]
[BlackElo "2900"]
[TimeControl "180+1"]
[EndTime "9:48:07 PST"]
[Termination "profedechess93 won by checkmate"]

1. e4 c6 2. d4 d5 3. Nc3 dxe4 4. Nxe4 Nd7 5. Bc4 Ngf6 6. Ng5 e6 7. Qe2 Nb6 8. Bb3 h6 9. N5f3 c5 10. dxc5 Bxc5 11. Ne5 O-O 12. Ngf3 Nbd7 13. g4 Nxe5 14. Nxe5 Bd4 15. c3 Bxe5 16. Qxe5 Nd7 17. Qg3 Nc5 18.
Bc2 Qd5 19. Rg1 f6 20. Bf4 e5 21. Bd2 Be6 22. Qe3 Rad8 23. h4 e4 24. g5 fxg5 25. hxg5 Rf3 26. Qd4 h5 27. Qxd5 Rxd5 28. Be3 Nd3+ 29.
Bxd3 exd3 30. Kd2 Bf5 31. Rae1 a6 32. Bd4 Rd7 33. g6 Rxd4 34. Re8# 1-0

[Event "Early-Titled-Tuesday-Blitz-February-13-2024"]
[Site "Chess.com"]
[Date "2024.02.13"]
[Round "9"]
[White "kpio91"]
[Black "Korchmar_Vasiliy"]
[Result "1-0"]
[WhiteElo "2899"]
[BlackElo "2732"]
[TimeControl "180+1"]
[EndTime "9:48:07 PST"]
[Termination "kpio91 won on time"]

1. e4 c5 2. Nf3 d6 3. Bb5+ Nc6 4.
O-O e5 5. c3 Nf6 6. d4 cxd4 7.
cxd4 exd4 8. e5 dxe5 9. Nxe5 Bd7 10. Bxc6 Bxc6 11. Nxc6 bxc6 12. Qa4 Qd7 13. Nd2 Be7 14. Nf3 c5 15. Qc4 O-O 16. Re1 Bd6 17. Bg5 Nd5 18.
Rac1 Rac8 19. Bd2 h6 20. g3 Nb6 21. Qd3 Rfe8 22. Nh4 Bf8 23. Nf5 c4 24. Qf3 Rxe1+ 25.
Rxe1 c3 26. bxc3 Nc4 27. Qg4 Qd5 28. Nxd4 Rd8 29. Bxh6 Ne5 30. Qe4 1-0

[Event "Early-Titled-Tuesday-Blitz-February-13-2024"]
[Site "Chess.com"]
[Date "2024.02.13"]
[Round "9"]
[White "Happy1712Drummer"]
[Black "Fjal"]
[Result "0-1"]
[WhiteElo "2369"]
[BlackElo "2294"]
[TimeControl "180+1"]
[EndTime "9:48:07 PST"]
[Termination "Fjal won on time"]

1. e4 d6 2. d4 Nf6 3. Nc3 g6 4. g3 Bg7 5. Bg2 O-O 6. Nge2 Nbd7 7. O-O e5 8. h3 Qe7 9. Be3 a6 10. Qd2 b5 11. a3 Bb7 12. d5 Nb6 13. b3 Rab8 14. Nd1 c5 15. dxc6 Bxc6 16. Nec3 Rfd8 17.
Nd5 Nbxd5 18. exd5 Bd7 19. c4 Rdc8 20. Rc1 Bf5 21. Nb2 bxc4 22. bxc4 Rb3 23. Rc3 Qb7 24.
Na4 Ne4 25. Bxe4 Bxe4 26. Rxb3 Qxb3 27. Nb6 Rb8 28. Qb4 Qd3 29. Qxd6 Re8 30. c5 Qe2 31. Bg5 Qf3 0-1

[Event "Early-Titled-Tuesday-Blitz-February-13-2024"]
[Site "Chess.com"]
[Date "2024.02.13"]
[Round "9"]
[White "AlexeiShirov"]
[Black "Rud_Makarian"]
[Result "1/2-1/2"]
[WhiteElo "2865"]
[BlackElo "3035"]
[TimeControl "180+1"]
[EndTime "9:48:08 PST"]
[Termination "Game drawn by repetition"]

1. e4 c5 2. Nf3 e6 3. d4 cxd4 4.
Nxd4 Nc6 5. Nc3 Qc7 6. Be3 a6 7. Qf3 b5 8. O-O-O Nf6 9. Nxc6 Qxc6 10. e5 Qxf3 11. gxf3 Nh5 12. f4 Bb7 13. Rg1 g6 14. a4 b4 15. Ne2 Bh6 16. Rd4 a5 17. Ng3 Ng7 18. Bb5 Bd5 19. Rgd1 O-O-O 20. Rxd5 exd5 21.
Rxd5 Ne6 22. Ne4 Bxf4 23. Nd6+ Kc7 24. Nxf7 Bxe3+ 25. fxe3 Rhf8 26. Nxd8 Rxd8 27. Be2 Ra8 28. Bg4 Ra6 29. Kd2 h5 30. Bxe6 dxe6 31. Rc5+ Kd7 32. h4 Ra8 33. c3 bxc3+ 34. bxc3 Rb8 35. Rxa5 Rb2+ 36. Kd3 Rh2 37. Ra7+ Kc6 38. Ra6+ Kd5 39.
Ra5+ Kc6 40. Ra6+ Kd5 41. Ra5+ Kc6 42. Ra6+ 1/2-1/2

[Event "Early-Titled-Tuesday-Blitz-February-13-2024"]
[Site "Chess.com"]
[Date "2024.02.13"]
[Round "9"]
[White "tusplingher"]
[Black "Keeper0416"]
[Result "1-0"]
[WhiteElo "2476"]
[BlackElo "2579"]
[TimeControl "180+1"]
[EndTime "9:48:08 PST"]
[Termination "tusplingher won by checkmate"]

1. e4 g6 2. d4 Bg7 3. Nc3 d6 4. Bc4 e6 5. Nf3 h6 6. O-O c6 7. d5 b5 8. Be2 b4 9. Na4 c5 10. dxe6 Bxe6 11. e5 Bd7 12. c3 Qa5 13. b3 Bxa4 14.
bxa4 dxe5 15. Bb5+ Ke7 16. Re1 a6 17. cxb4 Qxb4 18. Bd2 Qa3 19. Bc4 Nc6 20. Re3 Qb2 21. Rb3 Qxb3 22. axb3 Rd8 23. Qe2 f5 24. Re1 e4 25. Nh4 Nd4 26. Qf1 Rd6 27. Be3 Kf6 28. Bxd4+ cxd4 29. f3 e3 30. Qd3 Ne7 31. Rxe3 Rhd8 32. Re1 g5 33. Rxe7 gxh4 34. Re1 h5 35. f4 Bh6 36. Re5 Bxf4 37. Qxf5+ Kg7 38. Re7+ Kh8 39. Rh7# 1-0

[Event "Early-Titled-Tuesday-Blitz-February-13-2024"]
[Site "Chess.com"]
[Date "2024.02.13"]
[Round "9"]
[White "Irishchessman16"]
[Black "Kopytkin"]
[Result "1-0"]
[WhiteElo "2533"]
[BlackElo "2388"]
[TimeControl "180+1"]
[EndTime "9:48:08 PST"]
[Termination "Irishchessman16 won on time"]

1. e4 Nf6 2. e5 Nd5 3. d4 d6 4. exd6 cxd6 5. Nf3 g6 6. c4 Nb6 7. Nc3 Bg7 8. h3 O-O 9. Be2 Bf5 10. O-O d5 11. c5 Nc4 12. b3 Na5 13. Bf4 Nbc6 14. a3 Be4 15. Be3 Bxf3 16. Bxf3 e6 17. Ne2 b6 18. Rc1 Rc8 19. Qd3 Qh4 20. cxb6 axb6 21. Rfd1 Rfd8 22. Qb5 Qe7 23. b4 Na7 24. Qxb6 Nc4 25. Qa6 Qd7 26. Nc3 Nc6 27. Qa4 Ra8 28. Qb3 Rxa3 29. Qb1 Rb8 30. b5 1-0

[Event "Early-Titled-Tuesday-Blitz-February-13-2024"]
[Site "Chess.com"]
[Date "2024.02.13"]
[Round "9"]
[White "JiiHart"]
[Black "fabianvivasz"]
[Result "0-1"]
[WhiteElo "2153"]
[BlackElo "2353"]
[TimeControl "180+1"]
[EndTime "9:48:08 PST"]
[Termination "fabianvivasz won on time"]

1. e4 e5 2. Nf3 Nc6 3. Bc4 Nf6 4.
d3 Bc5 5. c3 O-O 6. O-O d5 7.
exd5 Nxd5 8. b4 Be7 9. b5 Na5 10.
Nxe5 Nxc4 11. dxc4 Nb6 12. Qxd8 Rxd8 13. Nd2 Be6 14. a4 Bf6 15. f4 Bxe5 16. fxe5 Nxc4 17.
Nxc4 Bxc4 18. Rf4 Rd1+ 19. Kf2 Be6 20. Rd4 Rxd4 21. cxd4 a6 22. Bb2 axb5 23. axb5 Rxa1 24. Bxa1 b6 25. Bc3 Kf8 26. Bb4+ Ke8 27. Ke3 Bc4 28. Ke4 Bxb5 29. d5 Kd7 30. g3 Bf1 31. h4 c5 32.
dxc6+ Kxc6 33. g4 Kb5 34. Bf8 g6 35. h5 Kc4 36. hxg6 hxg6 37. g5 b5 38. Ke3 Kc3 39. Bc5 b4 40. Bd4+ Kc2 41. Kf2 Bc4 42.
Ke3 b3 0-1

[Event "Early-Titled-Tuesday-Blitz-February-13-2024"]
[Site "Chess.com"]
[Date "2024.02.13"]
[Round "9"]
[White "GaiozNigalidze"]
[Black "SharapovEvgeny"]
[Result "0-1"]
[WhiteElo "2673"]
[BlackElo "2558"]
[TimeControl "180+1"]
[EndTime "9:48:10 PST"]
[Termination "SharapovEvgeny won by resignation"]

1. e4 c5 2. Nf3 d6 3. d4 cxd4 4. Nxd4 Nf6 5. Nc3 Nc6 6. Bc4 Qb6 7. Nxc6 bxc6 8. O-O g6 9. Bb3 Bg7 10. Be3 Qc7 11.
h3 O-O 12. Qd2 Nd7 13. Rad1 a5 14. Rfe1 Nb6 15. a4 Ba6 16. Bd4 Bxd4 17. Qxd4 c5 18.
Qe3 c4 19. Ba2 Rab8 20. Qd4 Qc5 21. Qxc5 dxc5 22. b3 Rfd8 23. Rxd8+ Rxd8 24. Rd1 Rxd1+ 25. Nxd1 cxb3 26. cxb3 e5 27. Ne3 h5 28. f3 Kf8 29.
Kf2 Ke7 30. Ke1 h4 31. Kd2 f6 32. Kc3 Kd6 33. Bb1 Bc8 34. Bd3 Bd7 35. Bc4 g5 36. Bf7 Bc8 37. Bc4 Bd7 38. Bb5 Be6 39. Be8 Bc8 40. Bg6 Be6 41. Bf5 Bf7 42. Bg4 Kc7 43. Nf5 c4 44. Nh6 Bg6 45. Ng8 cxb3 46. Nxf6 Bf7 47.
Nh7 Nxa4+ 48. Kd2 b2 49. Kc2 Ba2 0-1

[Event "Early-Titled-Tuesday-Blitz-February-13-2024"]
[Site "Chess.com"]
[Date "2024.02.13"]
[Round "9"]
[White "Sofia_Blokhin"]
[Black "noblerone"]
[Result "1-0"]
[WhiteElo "2255"]
[BlackElo "2452"]
[TimeControl "180+1"]
[EndTime "9:48:10 PST"]
[Termination "Sofia_Blokhin won on time"]

1. d4 d5 2. c4 c6 3. Nc3 Nf6 4. Nf3 dxc4 5. e3 b5 6. a4 b4 7. Na2 e6 8. Bxc4 a5 9. b3 Nbd7 10. O-O Bb7 11. Bb2 c5 12. Nc1 Be7 13.
Ne2 O-O 14. Ng3 cxd4 15. Nxd4 Nb6 16. Bd3 Rc8 17. Nh5 Qd5 18. Nf4 Qg5 19. Nf3 Qh6 20.
Ne5 Rfd8 21. Qe2 Nbd5 22. Rac1 Rxc1 23. Rxc1 Nxf4 24. exf4 Qxf4 25. Rc7 Bd6 26. Rxb7 Bxe5 27. Bxe5 Qc1+ 28. Qf1 Qd2 29. Bxf6 gxf6 30. Bc4 Qc2 31. Be2 Qxb3 32. Bh5 Qxa4 33. Bxf7+ Kh8 34. Bh5 Qc2 35. Qa1 Qf5 36. Bg4 Qg5 37. h4 Qg6 38. Bxe6 h5 39. Rf7 1-0

[Event "Early-Titled-Tuesday-Blitz-February-13-2024"]
[Site "Chess.com"]
[Date "2024.02.13"]
[Round "9"]
[White "Dewarfd"]
[Black "EvgenyBurmakin"]
[Result "0-1"]
[WhiteElo "2151"]
[BlackElo "2372"]
[TimeControl "180+1"]
[EndTime "9:48:11 PST"]
[Termination "EvgenyBurmakin won on time"]

1. d4 Nf6 2. e3 g6 3. Nf3 Bg7 4. Be2 O-O 5. b4 a5 6. b5 d6 7. c4 e5 8. Bb2 exd4 9. Nxd4 Ne4 10. Nd2 Nc5 11. a4 Nbd7 12. O-O Nb6 13. Bc3 Bd7 14. N2b3 Nbxa4 15. Be1 Nxb3 16. Qxb3 Nc5 17. Qc2 a4 18. Bb4 Qe7 19. Bxc5 dxc5 20. Nf3 Bxa1 21. Rxa1 Qf6 22. Rxa4 Rxa4 23. Qxa4 Qb2 24. Bf1 Be6 25. Ng5 Bf5 26. Qa7 Qb1 27. Qa3 Rd8 0-1

[Event "Early-Titled-Tuesday-Blitz-February-13-2024"]
[Site "Chess.com"]
[Date "2024.02.13"]
[Round "9"]
[White "JEIGOTH"]
[Black "Inepton_Fermion"]
[Result "1-0"]
[WhiteElo "2302"]
[BlackElo "2399"]
[TimeControl "180+1"]
[EndTime "9:48:13 PST"]
[Termination "JEIGOTH won on time"]

1. d4 g6 2. Nf3 Bg7 3. e3 d6 4. Bd3 Nc6 5. O-O e5 6. c3 f5 7. e4 fxe4 8. Bxe4 exd4 9. Nxd4 Nxd4 10. cxd4 Nf6 11. Re1 O-O 12. Bf3 Bf5 13. Nc3 c6 14. d5 c5 15. Bf4 a6 16. a4 Qd7 17. Qd2 Rae8 18. Bh6 Ng4 19. Bxg7 Qxg7 20. h3 Ne5 21. Be4 Nc4 22. Qc2 Qe5 23. Re2 Bxe4 24. Rxe4 Qf5 25.
Rae1 Rxe4 26. Rxe4 Ne5 27. Qe2 Qf7 28. f4 Nd7 29.
Re7 Qf5 30. Qe6+ Qxe6 31. dxe6 Nb6 32. Rxb7 Nc4 33. e7 Re8 34. Nd5 Kf7 35. Kf2 Na5 36. Rb6 Nc4 37. Rxa6 Rb8 38. Ra7 Ke6 39. Nc7+ Kd7 40.
Na6+ 1-0

[Event "Early-Titled-Tuesday-Blitz-February-13-2024"]
[Site "Chess.com"]
[Date "2024.02.13"]
[Round "9"]
[White "FREDERICKtheMATE"]
[Black "ChessLover0108"]
[Result "1-0"]
[WhiteElo "2708"]
[BlackElo "2987"]
[TimeControl "180+1"]
[EndTime "9:48:14 PST"]
[Termination "FREDERICKtheMATE won on time"]

1. d4 Nf6 2. c4 e6 3. Nf3 d5 4. Nc3 Be7 5. Bf4 O-O 6. e3 Nbd7 7. c5 Nh5 8. Bg3 b6 9. b4 a5 10. a3 c6 11. Bd3 Ba6 12. Bxa6 Rxa6 13. O-O Nxg3 14.
hxg3 Qa8 15. Rb1 axb4 16. axb4 b5 17. Qc2 Qa7 18. Nd2 Ra8 19. f4 Nf6 20. Nb3 Bd8 21. Kf2 Ng4+ 22. Ke2 Ra3 23. Ra1 Qb7 24. Qb2 R3a4 25.
Nxa4 bxa4 26. Nc1 Qb5+ 27. Nd3 Nf6 28. Qc2 Ne4 29. Kf3 f5 30. Ra3 g5 31. Rfa1 g4+ 32. Ke2 Nxg3+ 33. Kf2 Ne4+ 34. Kg1 Bh4 35. Rxa4 Rxa4 36.
Rxa4 Kg7 37. Ra5 Qb7 38. Qa4 Kh6 39. Ra7 Qb8 40. Ra8 Qb7 41. Qa6 Qf7 42. Qc8 Be7 43. Ne5 Qg7 44. Qxe6+ Bf6 45. Qxf5 g3 46. Qh3+ 1-0

[Event "Early-Titled-Tuesday-Blitz-February-13-2024"]
[Site "Chess.com"]
[Date "2024.02.13"]
[Round "9"]
[White "Preobrazhenska_D2011"]
[Black "disciplinedbrat"]
[Result "1-0"]
[WhiteElo "2376"]
[BlackElo "2477"]
[TimeControl "180+1"]
[EndTime "9:48:15 PST"]
[Termination "Preobrazhenska_D2011 won by resignation"]

1. e4 g6 2. d4 d6 3. Nc3 Bg7 4. Nf3 a6 5. Bc4 b5 6. Bd5 c6 7. Bb3 Nf6 8. e5 dxe5 9. Nxe5 O-O 10.
O-O c5 11. dxc5 Qc7 12. Bf4 Qxc5 13. Nd5 Bb7 14. Nxf6+ exf6 15. Nxf7 Rxf7 16. Qd8+ Qf8 17. Qc7 Kh8 18. Bxf7 Be4 19. Bd6 Ra7 20. Qxa7 Qxd6 21.
Rad1 Qf8 22. Rfe1 Nc6 23. Qc7 f5 24. Rxe4 fxe4 25. Qxc6 Qxf7 26. Rd8+ Bf8 27. Qd6 Kg8 28. Qd5 Qxd5 29. Rxd5 Bg7 30. c3 Kf7 31. Rd6 a5 32. Rd5 b4 33. cxb4 axb4 34. Rb5 Bxb2 35. Rxb4 1-0

[Event "Early-Titled-Tuesday-Blitz-February-13-2024"]
[Site "Chess.com"]
[Date "2024.02.13"]
[Round "9"]
[White "secretsuperstar7"]
[Black "Nikolakis2014"]
[Result "0-1"]
[WhiteElo "2529"]
[BlackElo "2716"]
[TimeControl "180+1"]
[EndTime "9:48:17 PST"]
[Termination "Nikolakis2014 won by resignation"]

1. c4 Nf6 2. Nc3 e6 3. e4 d5 4. e5 d4 5. exf6 dxc3 6. bxc3 Qxf6 7. d4 b6 8. Be2 Nd7 9. Bf3 Rb8 10. Ne2 Bd6 11. O-O O-O 12. Ng3 Qh4 13. Bc6 Nf6 14.
Qd3 Ba6 15. f4 g6 16. Ne4 Nxe4 17. Bxe4 c5 18. Be3 cxd4 19. cxd4 Rbc8 20. Rac1 Qe7 21.
Qb3 Rfd8 22. Rfd1 Qc7 23. g3 Bxc4 24. Qb1 b5 25. h4 Qa5 26. h5 Qxa2 27. hxg6 hxg6 28.
Bxg6 Qxb1 29. Bxb1 a5 30. Be4 Bd5 31. Bd3 b4 32. Bb5 b3 33. Bd2 Ra8 34. Ra1 Rdb8 35. Ba4 b2 36. Rab1 Be4 37. Bc3 Bxb1 38. Rxb1 Bb4 39.
Bxb2 Bc3 40. Bxc3 Rxb1+ 41. Kf2 Rc8 42. Bd2 Ra1 43. Bd7 Rc2 44. Ke3 Ra3+ 45. Ke2 Raa2 0-1

[Event "Early-Titled-Tuesday-Blitz-February-13-2024"]
[Site "Chess.com"]
[Date "2024.02.13"]
[Round "9"]
[White "CSB7"]
[Black "Alexander_Donchenko"]
[Result "0-1"]
[WhiteElo "2766"]
[BlackElo "2921"]
[TimeControl "180+1"]
[EndTime "9:48:18 PST"]
[Termination "Alexander_Donchenko won by resignation"]

1. e4 c5 2. Nf3 e6 3. d4 cxd4 4. Nxd4 Nc6 5. Nc3 Nf6 6. Nxc6 bxc6 7. e5 Nd5 8. Ne4 Qc7 9. f4 Qb6 10. c4 Bb4+ 11. Ke2 f5 12. exf6 Nxf6 13. Be3 Qc7 14. Nxf6+ gxf6 15. Kf2 c5 16. a3 Ba5 17. Qh5+ Ke7 18.
Qxc5+ Qxc5 19. Bxc5+ d6 20. Be3 Bb7 21. Be2 Rhc8 22.
Rhc1 Bb6 23. Bxb6 axb6 24. Bf3 d5 25. cxd5 exd5 26. Ke3 Kd6 27. Kd2 Ra4 28. Rxc8 Bxc8 29.
g3 Rd4+ 30. Ke3 Rc4 31. Rd1 Be6 32. f5 Bf7 33. Rd4 Rc2 34. Rd2 Rc1 35. g4 Ke5 36. h4 Rh1 37. Kf2 Rc1 38. Ke3 h6 39. Re2 Rf1 40. Kd2+ Kf4 41. Bg2 Rg1 42. Kc3 Kxg4 43. Kd4 Kxf5 44. Rf2+ Kg6 45. Bf3 Rc1 46. b4 Rc4+ 47.
Kd3 f5 48. Rg2+ Kf6 49. h5 Rh4 50. Bd1 Rh3+ 51. Kd4 Rxa3 52. Bc2 Rh3 53. Rf2 Rxh5 54. Bd3 Be6 55. Rc2 Rh4+ 56. Ke3 Rxb4 57. Rc6 Ke5 58.
Rc8 Rb3 59. Re8 f4+ 60. Kd2 Kd4 61. Bc2 Re3 62. Rh8 Rh3 63. Re8 Rh2+ 64. Kc1 Kc3 65.
Bd1 Bf5 66. Rf8 Be4 67. Rc8+ Kd4 0-1

[Event "Early-Titled-Tuesday-Blitz-February-13-2024"]
[Site "Chess.com"]
[Date "2024.02.13"]
[Round "9"]
[White "RobertoJBM"]
[Black "HATilay"]
[Result "0-1"]
[WhiteElo "2799"]
[BlackElo "2557"]
[TimeControl "180+1"]
[EndTime "9:48:18 PST"]
[Termination "HATilay won on time"]

1. d4 Nf6 2. Nf3 d5 3. e3 e6 4. Bd3 c5 5. c3 Nc6 6. O-O g6 7. Nbd2 Bg7 8. dxc5 Nd7 9. Nb3 a5 10. a4 O-O 11. e4 Nf6 12. exd5 Nxd5 13. Re1 h6 14. Qe2 Qc7 15. g3 Rd8 16. Bd2 b6 17.
cxb6 Qxb6 18. Bb5 Bb7 19. Rad1 Rac8 20. c4 Ndb4 21. Be3 Qc7 22. Rxd8+ Rxd8 23. Rd1 Rxd1+ 24. Qxd1 Bxb2 25. Bxh6 Ne5 26. Nxe5 Qxe5 27. Nxa5 Be4 28. Nb3 Nd3 29. Be3 Qf5 30. Nd4 Bxd4 31. Bxd4 Bf3 32. Qd2 Qh3 0-1

[Event "Early-Titled-Tuesday-Blitz-February-13-2024"]
[Site "Chess.com"]
[Date "2024.02.13"]
[Round "9"]
[White "egnfanclub"]
[Black "MiguelEduardoGB"]
[Result "1-0"]
[WhiteElo "2359"]
[BlackElo "2155"]
[TimeControl "180+1"]
[EndTime "9:48:19 PST"]
[Termination "egnfanclub won on time"]

1. e4 c6 2. d4 d5 3. exd5 cxd5 4. c4 Nf6 5. Nc3 e6 6. Nf3 Be7 7. cxd5 Nxd5 8. Bd3 a6 9. O-O Nc6 10. Re1 b5 11.
Nxd5 Qxd5 12. Be4 Qd7 13. Ne5 Nxe5 14. Bxa8 Ng6 15. Be4 O-O 16. a4 b4 17. Be3 a5 18.
Rc1 Bb7 19. Qf3 Bxe4 20. Qxe4 Bf6 21. Qc6 Qd8 22. Qc7 Qa8 23. Rc4 Ne7 24. Qg3 Nd5 25.
Bg5 Bxg5 26. Qxg5 h6 27. Qg3 Qe8 28. b3 Qd7 29. Qe5 Rd8 30. g3 Nc3 31. Qxa5 Rf8 32.
Qxb4 Nd5 33. Qc5 Qd8 34. b4 Qg5 35. b5 Qg6 36. a5 Nf4 37. Qe5 Nd3 38. Qe4 Nxe1 39.
Qxe1 Qd3 40. Qc1 Rb8 41. b6 Qe4 42. Rc8+ Rxc8 43. Qxc8+ Kh7 44. Qc1 Qb7 45. Qb1+ g6 46. a6 1-0

[Event "Early-Titled-Tuesday-Blitz-February-13-2024"]
[Site "Chess.com"]
[Date "2024.02.13"]
[Round "9"]
[White "BogdanDeac"]
[Black "wonderfultime"]
[Result "0-1"]
[WhiteElo "3001"]
[BlackElo "3083"]
[TimeControl "180+1"]
[EndTime "9:48:20 PST"]
[Termination "wonderfultime won on time"]

1. d4 d5 2. Nf3 Nf6 3. Bf4 c5 4. e3 Qb6 5. Nc3 Bd7 6. Rb1 e6 7. Bd3 Bd6 8. dxc5 Qxc5 9. O-O Bxf4 10. exf4 O-O 11. Ne5 Bc6 12. Ne2 g6 13. c3 Bb5 14.
Nd4 Bxd3 15. Qxd3 Nc6 16. Ndxc6 bxc6 17. Qd4 Ne4 18. Rfe1 Qb6 19. Nd7 Qxd4 20. cxd4 Rfc8 21. f3 Nd6 22. Rbc1 Rc7 23. Ne5 Rac8 24. Re2 c5 25.
dxc5 Rxc5 26. Rxc5 Rxc5 27. g4 Rc7 28. Kg2 f6 29. Nd3 Kf7 30. b4 Nb5 31. Nc5 Rc6 32. a4 Nc7 0-1

[Event "Early-Titled-Tuesday-Blitz-February-13-2024"]
[Site "Chess.com"]
[Date "2024.02.13"]
[Round "9"]
[White "traviscottofficial"]
[Black "KNVB"]
[Result "1-0"]
[WhiteElo "2682"]
[BlackElo "2860"]
[TimeControl "180+1"]
[EndTime "9:48:20 PST"]
[Termination "traviscottofficial won on time"]

1. e4 b6 2. d4 Bb7 3. Nc3 e6 4. Bd3 Nf6 5. Nge2 d5 6. exd5 Nxd5 7. O-O Bd6 8. Re1 Qh4 9. g3 Qh5 10. Be4 Nxc3 11. Nxc3 Qxd1 12. Rxd1 Bxe4 13. Nxe4 Nc6 14. c3 O-O-O 15. Bg5 f6 16. Be3 Rhe8 17. Kg2 Bf8 18. Rd2 h5 19. Rad1 Ne7 20. f3 Nf5 21. Bf2 Nd6 22. Re2 Kd7 23. Nd2 Nf5 24. Rde1 Bd6 25. g4 hxg4 26. fxg4 Nh6 27. h3 Nf7 28. Ne4 e5 29. d5 Be7 30. Ng3 g6 31. c4 Rg8 32.
a3 f5 33. b4 e4 34. c5 bxc5 35. bxc5 Bh4 36. Nxe4 Bxf2 37. Nxf2 Kc8 38. Re7 Rgf8 39.
Rd1 fxg4 40. Nxg4 Ng5 41. d6 cxd6 42. cxd6 Kb8 43. Ne5 Ka8 44. Nc6 Rf7 45. Nxd8 1-0

[Event "Early-Titled-Tuesday-Blitz-February-13-2024"]
[Site "Chess.com"]
[Date "2024.02.13"]
[Round "9"]
[White "Mikhail_Golubev"]
[Black "ChainedDowntohell"]
[Result "0-1"]
[WhiteElo "2672"]
[BlackElo "2554"]
[TimeControl "180+1"]
[EndTime "9:48:20 PST"]
[Termination "ChainedDowntohell won on time"]

1. e4 e6 2. d4 a6 3. Nf3 d5 4. Bd3 Nf6 5. e5 Ng8 6. O-O Bd7 7. b3 c5 8. dxc5 Bxc5 9. c4 dxc4 10. Bxc4 Ne7 11.
Nc3 Bc6 12. Qxd8+ Kxd8 13. Ng5 Ke8 14. Nce4 Bd4 15. Nd6+ Kf8 16. Ndxf7 Bxa1 17. Nxh8 Bd5 18. Bxd5 Nxd5 19. Ba3+ Kg8 20. Rxa1 Nc6 21. Nhf7 h6 22. Nxh6+ gxh6 23. Nxe6 Re8 24. Nc5 Rxe5 25. Nxb7 Nc3 26.
h3 Nd4 27. Nd6 Rg5 28. Bb2 Nc2 29. Rf1 Ne2+ 30. Kh1 Nb4 31. Ne4 Rf5 32. Re1 Nf4 33. g4 Rb5 34. Nf6+ Kf7 35. Nh5 Nfd3 36. Re2 Rc5 0-1

[Event "Early-Titled-Tuesday-Blitz-February-13-2024"]
[Site "Chess.com"]
[Date "2024.02.13"]
[Round "9"]
[White "maurovargas01"]
[Black "VeraVujovic"]
[Result "0-1"]
[WhiteElo "1885"]
[BlackElo "2247"]
[TimeControl "180+1"]
[EndTime "9:48:20 PST"]
[Termination "VeraVujovic won by checkmate"]

1. e4 c6 2. Nc3 d5 3. d3 e5 4. g3 Nf6 5. Bg2 Bb4 6. Bd2 O-O 7. a3 Ba5 8. b4 Bb6 9. Nf3 Re8 10. O-O a5 11. Rb1 Na6 12. Bg5 Nc7 13. h3 h6 14. Bd2 Bd7 15. Kh2 Qc8 16. Qe2 axb4 17. a4 bxc3 18. Bxc3 d4 19. Rxb6 dxc3 20.
Qe1 Rxa4 21. Qxc3 Nb5 22. Qb2 Qc7 23. Rxb5 cxb5 24. Rb1 Qc5 25. c3 Rea8 26. d4 exd4 27.
Nxd4 Ra2 28. Qb3 Rxf2 29. Nxb5 Bxb5 30. Qxb5 Qxb5 31. Rxb5 Raa2 32. Rxb7 Rxg2+ 33. Kh1 Nxe4 34. Rb8+ Kh7 35. Rb1 Nxg3# 0-1